TOP OF THE 1ST |
Oklahoma City Dodgers batting - Pitching for Iowa Cubs : RHP Eric Allen
|
Pitching: RHP Eric Allen
|
|
Batting: RHB Curt Earnest
|
0-0: Foul Ball, location: 2F 0-1: Swinging Strike 0-2: Foul Ball, location: 2F 0-2: Strikes out looking
|
Batting: RHB Jeremy Giesler
|
0-0: Ball 1-0: Fly out, F8 (Flyball, 8RXD, EV 101.2 MPH)
|
Batting: RHB Doug Hammertime
|
0-0: Called Strike 0-1: Ball 1-1: Ball 2-1: Fly out, F8 (Flyball, 78M, EV 82.5 MPH)
|
Top of the 1st over - 0 runs, 0 hits, 0 errors, 0 left on base; Oklahoma City 0 - Iowa 0 |
BOTTOM OF THE 1ST |
Iowa Cubs batting - Pitching for Oklahoma City Dodgers : RHP Jean-Michel Hamon
|
Pitching: RHP Jean-Michel Hamon
|
|
Batting: SHB Seung-ho Zhang
|
0-0: Swinging Strike 0-1: Foul Ball, location: 2F 0-2: Ball 1-2: Ground out 4-3 (Groundball, 34D, EV 79.4 MPH)
|
Batting: LHB Barend van der Kamp
|
0-0: Ball 1-0: Ball 2-0: Called Strike 2-1: Swinging Strike 2-2: Strikes out swinging
|
Batting: RHB Francisco Ramirez
|
0-0: Ball 1-0: Ball 2-0: Ball 3-0: Base on Balls
|
Batting: RHB Lupe Covarrubias
|
0-0: Called Strike 0-1: 2-RUN HOME RUN (Flyball, 7D, EV 104.4 MPH), Distance : 381 ft
|
Batting: LHB Mark Ingram
|
0-0: Called Strike 0-1: Ball 1-1: Foul Ball, location: 2F 1-2: Ground out 4-3 (Groundball, 34D, EV 106.2 MPH)
|
Bottom of the 1st over - 2 runs, 1 hit, 0 errors, 0 left on base; Oklahoma City 0 - Iowa 2 |
TOP OF THE 2ND |
Oklahoma City Dodgers batting - Pitching for Iowa Cubs : RHP Eric Allen
|
Batting: SHB Ken Welch
|
0-0: Called Strike 0-1: Swinging Strike 0-2: Ball 1-2: Fly out, F9 (Flyball, 9S, EV 74.4 MPH)
|
Batting: LHB Chris Fandino
|
0-0: Ball 1-0: Called Strike 1-1: Swinging Strike 1-2: Ball 2-2: Ball 3-2: Strikes out swinging
|
Batting: RHB John Piccolo
|
0-0: Called Strike 0-1: Foul Ball, location: 2F 0-2: Foul Ball, location: 2F 0-2: Foul Ball, location: 2F 0-2: Ball 1-2: Ground out 6-3 (Groundball, 6, EV 88.1 MPH)
|
Top of the 2nd over - 0 runs, 0 hits, 0 errors, 0 left on base; Oklahoma City 0 - Iowa 2 |
BOTTOM OF THE 2ND |
Iowa Cubs batting - Pitching for Oklahoma City Dodgers : RHP Jean-Michel Hamon
|
Batting: RHB Leonardo Nava
|
0-0: Ball 1-0: Ball 2-0: Ball 3-0: Called Strike 3-1: Called Strike 3-2: Ground out 6-3 (Groundball, 6, EV 81.2 MPH)
|
Batting: RHB Sam Sours
|
0-0: Ball 1-0: Ball 2-0: Foul Ball, location: 2F 2-1: Foul Ball, location: 2F 2-2: Fly out, F7 (Flyball, 7LM, EV 91.2 MPH)
|
Batting: RHB Adam Kelliher
|
0-0: SINGLE (Line Drive, 8RS, EV 98.8 MPH)
|
Batting: RHB Khalil Stephens
|
0-0: Ball Adam Kelliher steals 2nd base 1-0: Ball 2-0: Ball 3-0: Called Strike 3-1: Ground out 6-3 (Groundball, 6S, EV 78.8 MPH)
|
Bottom of the 2nd over - 0 runs, 1 hit, 0 errors, 1 left on base; Oklahoma City 0 - Iowa 2 |
TOP OF THE 3RD |
Oklahoma City Dodgers batting - Pitching for Iowa Cubs : RHP Eric Allen
|
Batting: RHB Martin Chavez
|
0-0: Ball 1-0: Foul Ball, location: 2F 1-1: Swinging Strike 1-2: Strikes out swinging
|
Batting: RHB Jose Valtierra
|
0-0: Called Strike 0-1: Ball 1-1: Ball 2-1: Foul Ball, location: 2LF, Error on foul ball, E2 2-2: Ground out 5-3 (Groundball, 56S, EV 86.2 MPH)
|
Batting: LHB Darrell Ortega
|
0-0: Ball 1-0: Called Strike 1-1: Fly out, F9 (Flyball, 9, EV 88.8 MPH)
|
Top of the 3rd over - 0 runs, 0 hits, 1 error, 0 left on base; Oklahoma City 0 - Iowa 2 |
BOTTOM OF THE 3RD |
Iowa Cubs batting - Pitching for Oklahoma City Dodgers : RHP Jean-Michel Hamon
|
Batting: SHB Seung-ho Zhang
|
0-0: Ball 1-0: Foul Ball, location: 2F 1-1: Ball 2-1: Ball 3-1: Called Strike 3-2: Base on Balls
|
Batting: LHB Barend van der Kamp
|
0-0: Fly out, F8 (Flyball, 8RD, EV 88.1 MPH)
|
Batting: RHB Francisco Ramirez
|
0-0: Fly out, F8 (Flyball, 8LM, EV 94.4 MPH)
|
Batting: RHB Lupe Covarrubias
|
0-0: SINGLE (Flyball, 8RS, EV 93.8 MPH) Seung-ho Zhang to second Runner from 2nd tries for 3rd, SAFE, throw by CF made to third
|
Batting: LHB Mark Ingram
|
0-0: Ball 1-0: Foul Ball, location: 2F 1-1: Swinging Strike 1-2: Ball 2-2: Strikes out swinging
|
Bottom of the 3rd over - 0 runs, 1 hit, 0 errors, 2 left on base; Oklahoma City 0 - Iowa 2 |
TOP OF THE 4TH |
Oklahoma City Dodgers batting - Pitching for Iowa Cubs : RHP Eric Allen
|
Batting: RHB Curt Earnest
|
0-0: Ground out 6-3 (Groundball, 56, EV 101.2 MPH)
|
Batting: RHB Jeremy Giesler
|
0-0: Ball 1-0: Ball 2-0: Ball 3-0: Base on Balls
|
Batting: RHB Doug Hammertime
|
0-0: Called Strike 0-1: Foul Ball, location: 2F 0-2: Ball 1-2: Fly out, F8 (Flyball, 8RD, EV 101.9 MPH)
|
Batting: SHB Ken Welch
|
0-0: Foul Ball, location: 2F 0-1: SINGLE (Groundball, 34D, EV 98.8 MPH) Jeremy Giesler to second Runner from 2nd tries for 3rd, SAFE, throw by RF made to third
|
Batting: LHB Chris Fandino
|
0-0: Called Strike 0-1: Ball 1-1: Foul Ball, location: 2F 1-2: Ball 2-2: Strikes out swinging
|
Top of the 4th over - 0 runs, 1 hit, 0 errors, 2 left on base; Oklahoma City 0 - Iowa 2 |
BOTTOM OF THE 4TH |
Iowa Cubs batting - Pitching for Oklahoma City Dodgers : RHP Jean-Michel Hamon
|
Batting: RHB Leonardo Nava
|
0-0: Ball 1-0: Foul Ball, location: 2F 1-1: SINGLE (Line Drive, 34D, EV 99.4 MPH)
|
Batting: RHB Sam Sours
|
0-0: Foul Ball, location: 2F 0-1: Ball 1-1: Fly out, F9 (Flyball, 89S, EV 85.6 MPH)
|
Batting: RHB Adam Kelliher
|
0-0: SINGLE (Flyball, 5D, EV 87.5 MPH) Leonardo Nava to second
|
Batting: RHB Khalil Stephens
|
0-0: Ground out 5-3 (Groundball, 56S, EV 71.9 MPH) Leonardo Nava to third Adam Kelliher to second
|
Batting: SHB Seung-ho Zhang
|
0-0: Ball 1-0: Ball 2-0: Ball 3-0: Base on Balls
|
Batting: LHB Barend van der Kamp
|
0-0: Ball Wild Pitch! Leonardo Nava scores Adam Kelliher to third Seung-ho Zhang to second 1-0: Foul Ball, location: 2F 1-1: SINGLE (Groundball, 4D, EV 99.4 MPH) Adam Kelliher scores Seung-ho Zhang to third Runner from 3rd tries for Home, SAFE, throw by CF to home
|
Pitching: RHP Chris Bullerman
|
|
Batting: RHB Francisco Ramirez
|
0-0: SINGLE (Groundball, 6MS, EV 67.5 MPH) (infield hit) Barend van der Kamp to second
|
Batting: RHB Lupe Covarrubias
|
0-0: Fly out, F8 (Flyball, 8RM, EV 85.6 MPH)
|
Bottom of the 4th over - 3 runs, 4 hits, 0 errors, 2 left on base; Oklahoma City 0 - Iowa 5 |
TOP OF THE 5TH |
Oklahoma City Dodgers batting - Pitching for Iowa Cubs : RHP Eric Allen
|
Batting: RHB John Piccolo
|
0-0: Ground out U3 (Groundball, 34S, EV 83.1 MPH)
|
Batting: RHB Martin Chavez
|
0-0: Ball 1-0: Called Strike 1-1: Foul Ball, location: 2F 1-2: Strikes out swinging
|
Batting: RHB Jose Valtierra
|
0-0: Ball 1-0: Foul Ball, location: 2F 1-1: Swinging Strike 1-2: Ball 2-2: Foul Ball, location: 2F 2-2: Foul Ball, location: 2F 2-2: Ball 3-2: Foul Ball, location: 2F 3-2: Base on Balls
|
Batting: LHB Darrell Ortega
|
0-0: Ball 1-0: Ball 2-0: Ball 3-0: Called Strike 3-1: Foul Ball, location: 2F 3-2: Ground out 4-3 (Groundball, 34D, EV 100.6 MPH)
|
Top of the 5th over - 0 runs, 0 hits, 0 errors, 1 left on base; Oklahoma City 0 - Iowa 5 |
BOTTOM OF THE 5TH |
Iowa Cubs batting - Pitching for Oklahoma City Dodgers : RHP Chris Bullerman
|
Batting: LHB Mark Ingram
|
0-0: Ball 1-0: Ball 2-0: Called Strike 2-1: SOLO HOME RUN (Flyball, 9LD, EV 90.6 MPH), Distance : 344 ft
|
Batting: RHB Leonardo Nava
|
0-0: Called Strike 0-1: Ball 1-1: Foul Ball, location: 2F 1-2: Foul Ball, location: 2F 1-2: Ball 2-2: Ball 3-2: Strikes out looking
|
Batting: RHB Sam Sours
|
0-0: Foul Ball, location: 2F 0-1: Ball 1-1: Fly out, F8 (Flyball, 78D, EV 89.4 MPH)
|
Batting: RHB Adam Kelliher
|
0-0: Ground out U3 (Groundball, 3S, EV 86.2 MPH)
|
Bottom of the 5th over - 1 run, 1 hit, 0 errors, 0 left on base; Oklahoma City 0 - Iowa 6 |
TOP OF THE 6TH |
Oklahoma City Dodgers batting - Pitching for Iowa Cubs : RHP Eric Allen
|
Batting: RHB Curt Earnest
|
0-0: Ball 1-0: Ball 2-0: Ball 3-0: Called Strike 3-1: Base on Balls
|
Batting: RHB Jeremy Giesler
|
0-0: Ball 1-0: Fielders Choice at 2nd, 5-4 (Groundball, 56, EV 105.0 MPH)
|
Batting: RHB Doug Hammertime
|
0-0: Ball Jeremy Giesler steals 2nd, throwing error, E2 Jeremy Giesler to third 1-0: Called Strike 1-1: Fly out, F8 (Line Drive, 8LM, EV 106.2 MPH)
|
Batting: SHB Ken Welch
|
0-0: Ball 1-0: Ball Wild Pitch! Jeremy Giesler scores 2-0: Called Strike 2-1: Ball 3-1: Fly out, F8 (Flyball, 89M, EV 96.2 MPH)
|
Top of the 6th over - 1 run, 0 hits, 1 error, 0 left on base; Oklahoma City 1 - Iowa 6 |
BOTTOM OF THE 6TH |
Iowa Cubs batting - Pitching for Oklahoma City Dodgers : RHP Chris Bullerman
|
Batting: RHB Khalil Stephens
|
0-0: Called Strike 0-1: Ball 1-1: Ball 2-1: Foul Ball, location: 2F 2-2: Ball 3-2: Foul Ball, location: 2F 3-2: Foul Ball, location: 2F 3-2: Foul Ball, location: 2F 3-2: Fly out, F7 (Line Drive, 7, EV 100.0 MPH)
|
Batting: SHB Seung-ho Zhang
|
0-0: Ball 1-0: Ball 2-0: Ball 3-0: Called Strike 3-1: Ground out 6-3 (Groundball, 6, EV 78.1 MPH)
|
Batting: LHB Barend van der Kamp
|
0-0: Foul Ball, location: 2F 0-1: Ball 1-1: Swinging Strike 1-2: Ball 2-2: Strikes out swinging
|
Bottom of the 6th over - 0 runs, 0 hits, 0 errors, 0 left on base; Oklahoma City 1 - Iowa 6 |
TOP OF THE 7TH |
Oklahoma City Dodgers batting - Pitching for Iowa Cubs : RHP Eric Allen
|
Batting: LHB Chris Fandino
|
0-0: Called Strike 0-1: DOUBLE (Flyball, 89D, EV 106.9 MPH)
|
Pitching: RHP Rashid bin Ala'
|
|
Batting: RHB John Piccolo
|
0-0: Swinging Strike 0-1: Ball 1-1: Foul Ball, location: 2F 1-2: Ball 2-2: Strikes out looking
|
Batting: RHB Martin Chavez
|
0-0: Called Strike 0-1: Ball 1-1: Foul Ball, location: 2F 1-2: Hit by Pitch
|
Batting: RHB Jose Valtierra
|
0-0: Swinging Strike 0-1: Ball 1-1: Foul Ball, location: 2F 1-2: Foul Ball, location: 2F 1-2: Ball 2-2: Strikes out swinging
|
Batting: LHB Darrell Ortega
|
0-0: Ball 1-0: Ball 2-0: Foul Ball, location: 2F 2-1: Ground out U3 (Groundball, 23, EV 88.8 MPH)
|
Top of the 7th over - 0 runs, 1 hit, 0 errors, 2 left on base; Oklahoma City 1 - Iowa 6 |
BOTTOM OF THE 7TH |
Iowa Cubs batting - Pitching for Oklahoma City Dodgers : RHP Chris Bullerman
|
Batting: RHB Francisco Ramirez
|
0-0: Fly out, F4 (Popup, 3S, EV 86.9 MPH)
|
Batting: RHB Lupe Covarrubias
|
0-0: Ball 1-0: Foul Ball, location: 2F 1-1: Called Strike 1-2: SINGLE (Line Drive, 78S, EV 93.8 MPH)
|
Pitching: RHP Derek Ziolkowski
|
|
Batting: LHB Mark Ingram
|
0-0: Foul Ball, location: 2F 0-1: Ground out 4-3 (Groundball, 4S, EV 68.1 MPH) Lupe Covarrubias to second
|
Batting: RHB Leonardo Nava
|
0-0: Called Strike 0-1: Foul Ball, location: 2F 0-2: Ball 1-2: Foul Ball, location: 2F 1-2: Foul Ball, location: 2F 1-2: Strikes out swinging
|
Bottom of the 7th over - 0 runs, 1 hit, 0 errors, 1 left on base; Oklahoma City 1 - Iowa 6 |
TOP OF THE 8TH |
Oklahoma City Dodgers batting - Pitching for Iowa Cubs : RHP Rashid bin Ala'
|
Batting: RHB Curt Earnest
|
0-0: Ball 1-0: SINGLE (Groundball, 6D, EV 94.4 MPH)
|
Batting: RHB Jeremy Giesler
|
0-0: Ground out 5-3 (Groundball, 5L, EV 103.8 MPH) Curt Earnest to second
|
Batting: RHB Doug Hammertime
|
0-0: Called Strike 0-1: Ball 1-1: Ball 2-1: Fly out, F8 (Flyball, 8RXD, EV 91.2 MPH) Runner from 2nd tags up, SAFE at 3rd, no throw by CF
|
Batting: SHB Ken Welch
|
0-0: Ball 1-0: Ground out 4-3 (Groundball, 34D, EV 86.9 MPH)
|
Top of the 8th over - 0 runs, 1 hit, 0 errors, 1 left on base; Oklahoma City 1 - Iowa 6 |
BOTTOM OF THE 8TH |
Iowa Cubs batting - Pitching for Oklahoma City Dodgers : RHP Derek Ziolkowski
|
Batting: RHB Sam Sours
|
0-0: Called Strike 0-1: Ball 1-1: Swinging Strike 1-2: Ball 2-2: Foul Ball, location: 2F 2-2: SINGLE (Groundball, 5S, EV 70.6 MPH) (infield hit)
|
Batting: RHB Adam Kelliher
|
0-0: Ball 1-0: Ball 2-0: Ball Sam Sours steals 2nd base 3-0: Called Strike 3-1: Hit by Pitch
|
Batting: RHB Khalil Stephens
|
0-0: Called Strike 0-1: Swinging Strike 0-2: Ball 1-2: Strikes out swinging
|
Batting: SHB Seung-ho Zhang
|
0-0: Ball 1-0: Ball 2-0: Ball 3-0: Called Strike 3-1: Fielders Choice at 2nd, 3-6 (Groundball, 34, EV 84.4 MPH) Sam Sours to third
|
Pitching: RHP Justin Donovan
|
|
Batting: LHB Barend van der Kamp
|
0-0: Swinging Strike 0-1: Called Strike Seung-ho Zhang steals 2nd base 0-2: Ball 1-2: SINGLE (Groundball, 5D, EV 103.8 MPH) Sam Sours scores Seung-ho Zhang to third Runner from 3rd tries for Home, SAFE, throw by LF to home
|
Pinch Hitting: RHB Shintaro Katsumata
|
0-0: Ball 1-0: Ball 2-0: Foul Ball, location: 2F 2-1: Called Strike 2-2: SINGLE (Groundball, 6MD, EV 95.0 MPH) Barend van der Kamp to second Runner from 2nd tries for 3rd, SAFE, throw by CF made to third
|
Batting: RHB Lupe Covarrubias
|
0-0: Ball 1-0: Swinging Strike 1-1: Fielders Choice at 2nd, 6-4 (Groundball, 6, EV 88.8 MPH)
|
Bottom of the 8th over - 2 runs, 3 hits, 0 errors, 2 left on base; Oklahoma City 1 - Iowa 8 |
TOP OF THE 9TH |
Oklahoma City Dodgers batting - Pitching for Iowa Cubs : RHP Rashid bin Ala'
|
Now at 1B: Tony Mendez
|
|
Batting: LHB Chris Fandino
|
0-0: Foul Ball, location: 2F 0-1: Ball 1-1: Ball 2-1: Called Strike 2-2: Ball 3-2: Foul Ball, location: 2F 3-2: Base on Balls
|
Batting: RHB John Piccolo
|
0-0: Ball 1-0: 2-RUN HOME RUN (Flyball, 9D, EV 95.6 MPH), Distance : 370 ft
|
Batting: RHB Martin Chavez
|
0-0: Ball 1-0: SINGLE (Line Drive, 78M, EV 91.9 MPH)
|
Batting: RHB Jose Valtierra
|
0-0: Fly out, F8 (Flyball, 8LM, EV 83.1 MPH)
|
Pitching: RHP Chris Perretta
|
|
Batting: LHB Darrell Ortega
|
0-0: Called Strike 0-1: Ball 1-1: Ball 2-1: Swinging Strike 2-2: Strikes out swinging
|
Batting: RHB Curt Earnest
|
0-0: Called Strike 0-1: Fly out, F9 (Flyball, 89M, EV 70.0 MPH)
|
Top of the 9th over - 2 runs, 2 hits, 0 errors, 1 left on base; Oklahoma City 3 - Iowa 8 |
|